[ AOE2 MATCH · #498024109 ]
UnrankedCelts vs Persians
[ REPLAY ANALYSIS · EXTRACTED FROM THE RECORDED GAME ]
Feudal
13:04
Castle
21:51
Imperial
—
| APM avg | 27.5 |
| APM peak | 59 |
| eAPM avg | 13.5 |
| Villagers / military | 67 / 9 |
Focus
⚔️ 32.6% · 🌾 67.4%
Unknown (2626) ×29 · Fishing Ship ×11 · Fire Galley ×9
Feudal
13:19
Castle
19:49
Imperial
—
| APM avg | 20.6 |
| APM peak | 39 |
| eAPM avg | 10.8 |
| Villagers / military | 81 / 9 |
Focus
⚔️ 17.5% · 🌾 82.5%
Fishing Ship ×11 · Unknown (2626) ×8 · Demolition Raft ×3 · Monk ×2 · Spearman ×2 · Mangonel ×1
Feudal
14:04
Castle
18:41
Imperial
—
| APM avg | 38.7 |
| APM peak | 58 |
| eAPM avg | 12.4 |
| Villagers / military | 70 / 14 |
Focus
⚔️ 27.9% · 🌾 72.1%
Fishing Ship ×10 · Monk ×7 · Knight ×2 · Mangonel ×2 · Scout Cavalry ×2 · Battering Ram ×1
Feudal
16:25
Castle
20:27
Imperial
—
| APM avg | 58.1 |
| APM peak | 107 |
| eAPM avg | 24.0 |
| Villagers / military | 53 / 5 |
Focus
⚔️ 19.3% · 🌾 80.7%
Fishing Ship ×31 · Monk ×2 · Knight ×2 · Galley ×1
Feudal
13:56
Castle
17:51
Imperial
—
| APM avg | 59.9 |
| APM peak | 104 |
| eAPM avg | 24.0 |
| Villagers / military | 65 / 35 |
Focus
⚔️ 40.0% · 🌾 60.0%
Cavalry Archer ×27 · Fishing Ship ×7 · Battering Ram ×4 · Demolition Raft ×3 · Mangonel ×1
Feudal
13:06
Castle
17:29
Imperial
—
| APM avg | 23.1 |
| APM peak | 46 |
| eAPM avg | 13.3 |
| Villagers / military | 72 / 5 |
Focus
⚔️ 18.2% · 🌾 81.8%
Fishing Ship ×14 · Unknown (2626) ×9 · Trade Cog ×6 · Conquistador ×4 · Mangonel ×1
Feudal
12:58
Castle
19:38
Imperial
—
| APM avg | 40.5 |
| APM peak | 106 |
| eAPM avg | 20.2 |
| Villagers / military | 72 / 28 |
Focus
⚔️ 43.0% · 🌾 57.0%
Galley ×25 · Fishing Ship ×15 · Scorpion ×3
Feudal
13:28
Castle
17:05
Imperial
—
| APM avg | 53.8 |
| APM peak | 125 |
| eAPM avg | 18.4 |
| Villagers / military | 83 / 0 |
Focus
⚔️ 23.0% · 🌾 77.0%
Fishing Ship ×29 · Unknown (2579) ×25
Match map
Initial resources + every placement click. Lines = walls · curves = elevation contours. ◆ gold · ⬟ stone · ● berries · ✦ relic · ◌ wall gap
Your base· Open — 9t gap
feely's base· Open — unwalled flank
SKYRIM's base· Open — 12t gap
Chevele's base· Open — 15t gap
Sein's base· Open — 15t gap
Kowalski's base· Open — 8t gap
DimitryKz's base· Open — 11t gap
尼爾's base· Open — unwalled flank
Smoothed initial terrain · ◌ = detected wall gap · hover for details
Inputs per minute
— Kou_Bs - - feely
Build order — Kou_Bs
First 150 of 183 actions detected
| 0:03 | Build | Town Center |
| 1:31 | Build | Palisade Wall |
| 2:28 | Queue | Villager (Male) |
| 2:28 | Queue | Villager (Male) |
| 2:28 | Queue | Villager (Male) |
| 2:53 | Build | Dock |
| 2:56 | Build | House |
| 2:59 | Build | House |
| 3:28 | Queue | Villager (Male) |
| 4:28 | Research | Loom |
| 4:38 | Queue | Fishing Ship |
| 4:42 | Build | House |
| 5:17 | Queue | Villager (Male) |
| 5:17 | Queue | Villager (Male) |
| 5:46 | Queue | Villager (Male) |
| 5:46 | Queue | Villager (Male) |
| 6:12 | Queue | Villager (Male) |
| 6:23 | Queue | Fishing Ship |
| 6:37 | Queue | Villager (Male) |
| 6:37 | Queue | Villager (Male) |
| 6:58 | Queue | Villager (Male) |
| 7:16 | Queue | Fishing Ship |
| 7:16 | Queue | Fishing Ship |
| 7:23 | Build | House |
| 7:32 | Queue | Villager (Male) |
| 7:32 | Queue | Villager (Male) |
| 7:59 | Queue | Villager (Male) |
| 8:05 | Build | House |
| 8:10 | Queue | Fishing Ship |
| 8:22 | Queue | Villager (Male) |
| 8:27 | Queue | Fishing Ship |
| 8:38 | Build | House |
| 8:49 | Queue | Villager (Male) |
| 9:04 | Queue | Villager (Male) |
| 9:11 | Build | Lumber Camp |
| 9:19 | Queue | Villager (Male) |
| 9:19 | Queue | Villager (Male) |
| 9:36 | Queue | Fishing Ship |
| 9:36 | Queue | Fishing Ship |
| 9:46 | Queue | Villager (Male) |
| 10:40 | Queue | Fishing Ship |
| 10:53 | Research | Feudal Age |
| 10:53 | Research | Feudal Age |
| 11:04 | Build | Mining Camp |
| 11:17 | Build | Mill |
| 11:40 | Build | Dock |
| 12:03 | Build | Mill |
| 12:26 | Build | House |
| 12:29 | Build | Palisade Wall |
| 12:38 | Build | Palisade Wall |
| 13:04 | Age | Feudal Age |
| 13:05 | Queue | Unit 2626 |
| 13:05 | Queue | Unit 2626 |
| 13:08 | Queue | Villager (Male) |
| 13:08 | Queue | Villager (Male) |
| 13:16 | Research | Double-Bit Axe |
| 13:40 | Queue | Villager (Male) |
| 13:48 | Queue | Unit 2626 |
| 13:48 | Queue | Unit 2626 |
| 14:14 | Queue | Fire Galley |
| 14:15 | Queue | Fire Galley |
| 14:16 | Queue | Villager (Male) |
| 14:17 | Queue | Villager (Male) |
| 14:21 | Build | House |
| 14:22 | Build | House |
| 14:46 | Queue | Unit 2626 |
| 14:46 | Queue | Unit 2626 |
| 15:03 | Queue | Fire Galley |
| 15:04 | Queue | Fire Galley |
| 15:22 | Queue | Villager (Male) |
| 15:22 | Queue | Villager (Male) |
| 15:24 | Queue | Fire Galley |
| 15:24 | Queue | Fire Galley |
| 15:41 | Queue | Villager (Male) |
| 15:41 | Queue | Villager (Male) |
| 15:50 | Build | Mining Camp |
| 15:55 | Build | Palisade Wall |
| 16:10 | Queue | Villager (Male) |
| 16:10 | Queue | Villager (Male) |
| 16:24 | Queue | Villager (Male) |
| 16:26 | Queue | Unit 2626 |
| 16:26 | Queue | Unit 2626 |
| 16:50 | Build | Palisade Gate |
| 16:56 | Build | Palisade Gate |
| 17:01 | Build | Palisade Wall |
| 17:07 | Queue | Villager (Male) |
| 17:08 | Queue | Villager (Male) |
| 17:24 | Build | Market |
| 18:20 | Queue | Villager (Male) |
| 18:20 | Queue | Villager (Male) |
| 18:23 | Build | Blacksmith |
| 18:50 | Queue | Unit 2626 |
| 18:50 | Queue | Unit 2626 |
| 19:08 | Build | House |
| 19:09 | Build | House |
| 19:11 | Research | Castle Age |
| 19:34 | Research | Tech 906 |
| 20:05 | Research | Forging |
| 20:14 | Build | House |
| 20:15 | Build | House |
| 20:22 | Build | Dock |
| 20:31 | Queue | Unit 2626 |
| 20:31 | Queue | Unit 2626 |
| 21:02 | Research | Wheelbarrow |
| 21:38 | Queue | Unit 2626 |
| 21:38 | Queue | Unit 2626 |
| 21:51 | Age | Castle Age |
| 21:59 | Research | War Galley (upgrade) |
| 22:03 | Queue | Unit 2626 |
| 22:04 | Queue | Unit 2626 |
| 22:04 | Queue | Unit 2626 |
| 22:13 | Queue | Villager (Male) |
| 22:13 | Queue | Villager (Male) |
| 22:22 | Build | House |
| 22:33 | Build | Town Center |
| 22:44 | Queue | Unit 2626 |
| 22:45 | Queue | Unit 2626 |
| 23:23 | Queue | Villager (Male) |
| 23:23 | Queue | Villager (Male) |
| 23:44 | Queue | Unit 2626 |
| 23:45 | Queue | Unit 2626 |
| 23:46 | Queue | Villager (Male) |
| 23:46 | Queue | Villager (Male) |
| 23:46 | Queue | Villager (Male) |
| 24:01 | Queue | Fire Galley |
| 24:02 | Queue | Fire Galley |
| 24:02 | Queue | Fire Galley |
| 24:10 | Queue | Villager (Male) |
| 24:10 | Queue | Villager (Male) |
| 24:18 | Build | Gate |
| 24:21 | Build | Stone Wall |
| 24:25 | Build | Stone Wall |
| 24:33 | Queue | Villager (Male) |
| 24:34 | Queue | Villager (Male) |
| 24:41 | Build | House |
| 24:42 | Build | House |
| 24:43 | Build | House |
| 24:43 | Build | House |
| 24:43 | Build | House |
| 24:43 | Build | House |
| 24:43 | Build | House |
| 24:43 | Build | House |
| 24:44 | Build | House |
| 25:03 | Research | Iron Casting |
| 25:28 | Queue | Unit 2626 |
| 25:28 | Queue | Unit 2626 |
| 25:47 | Queue | Villager (Male) |
| 25:48 | Queue | Villager (Male) |
| 26:08 | Queue | Villager (Male) |
| 26:08 | Queue | Villager (Male) |
Build order — feely
First 150 of 182 actions detected
| 0:08 | Build | House |
| 0:21 | Build | Town Center |
| 1:58 | Build | Dock |
| 2:42 | Research | Loom |
| 2:42 | Queue | Villager (Male) |
| 2:43 | Queue | Villager (Male) |
| 2:47 | Queue | Villager (Male) |
| 2:47 | Queue | Villager (Male) |
| 3:40 | Queue | Villager (Male) |
| 3:40 | Queue | Villager (Male) |
| 3:42 | Queue | Fishing Ship |
| 3:48 | Build | Palisade Wall |
| 4:28 | Queue | Villager (Male) |
| 4:28 | Queue | Villager (Male) |
| 4:38 | Queue | Villager (Male) |
| 4:38 | Queue | Villager (Male) |
| 5:17 | Build | House |
| 5:45 | Queue | Villager (Male) |
| 5:46 | Queue | Villager (Male) |
| 6:28 | Build | House |
| 6:30 | Queue | Villager (Male) |
| 6:30 | Queue | Villager (Male) |
| 6:30 | Queue | Villager (Male) |
| 6:49 | Queue | Fishing Ship |
| 7:14 | Queue | Villager (Male) |
| 7:14 | Queue | Villager (Male) |
| 7:14 | Queue | Villager (Male) |
| 7:26 | Queue | Fishing Ship |
| 7:44 | Build | House |
| 7:47 | Queue | Villager (Male) |
| 7:47 | Queue | Villager (Male) |
| 8:13 | Queue | Fishing Ship |
| 8:17 | Build | House |
| 8:25 | Queue | Villager (Male) |
| 8:25 | Queue | Villager (Male) |
| 8:43 | Queue | Villager (Male) |
| 8:44 | Queue | Villager (Male) |
| 8:51 | Build | Palisade Wall |
| 9:02 | Queue | Villager (Male) |
| 9:08 | Build | Lumber Camp |
| 9:20 | Queue | Villager (Male) |
| 9:24 | Queue | Fishing Ship |
| 9:42 | Queue | Villager (Male) |
| 9:51 | Build | House |
| 9:56 | Build | Palisade Gate |
| 9:59 | Build | Palisade Wall |
| 10:13 | Queue | Villager (Male) |
| 10:19 | Build | Mill |
| 11:10 | Research | Feudal Age |
| 11:23 | Build | Mining Camp |
| 11:45 | Build | Dock |
| 11:57 | Build | Outpost |
| 12:27 | Build | Outpost |
| 13:19 | Age | Feudal Age |
| 13:24 | Research | Town Watch |
| 13:26 | Research | Double-Bit Axe |
| 13:27 | Queue | Villager (Male) |
| 13:41 | Build | Outpost |
| 13:53 | Build | Market |
| 14:00 | Queue | Villager (Male) |
| 14:13 | Build | Palisade Wall |
| 14:21 | Build | Palisade Wall |
| 14:22 | Queue | Villager (Male) |
| 14:35 | Build | Outpost |
| 14:45 | Queue | Villager (Male) |
| 14:53 | Build | Barracks |
| 14:58 | Queue | Unit 2626 |
| 15:10 | Queue | Villager (Male) |
| 15:18 | Build | Stone Wall |
| 15:22 | Build | Stone Wall |
| 15:29 | Build | Gate |
| 15:38 | Build | House |
| 15:45 | Queue | Villager (Male) |
| 15:58 | Build | Blacksmith |
| 16:14 | Build | Outpost |
| 16:20 | Build | House |
| 16:23 | Queue | Villager (Male) |
| 16:44 | Build | House |
| 16:59 | Build | Gate |
| 17:21 | Build | House |
| 17:22 | Build | Palisade Wall |
| 17:24 | Research | Castle Age |
| 17:52 | Build | Outpost |
| 18:03 | Build | Stone Wall |
| 18:07 | Build | Mining Camp |
| 18:12 | Queue | Spearman |
| 18:13 | Queue | Spearman |
| 18:23 | Build | Stone Wall |
| 18:43 | Build | House |
| 18:45 | Build | Palisade Wall |
| 19:06 | Queue | Unit 2626 ×5 |
| 19:49 | Age | Castle Age |
| 19:54 | Queue | Villager (Male) |
| 20:16 | Queue | Villager (Male) |
| 20:22 | Build | Monastery |
| 20:44 | Queue | Villager (Male) |
| 20:51 | Build | Town Center |
| 21:06 | Queue | Unit 2626 |
| 21:07 | Queue | Unit 2626 |
| 21:23 | Build | Town Center |
| 21:27 | Queue | Villager (Male) |
| 21:42 | Build | Outpost |
| 21:45 | Queue | Villager (Male) |
| 22:00 | Queue | Monk |
| 22:01 | Queue | Villager (Male) |
| 22:42 | Queue | Villager (Male) |
| 22:43 | Queue | Villager (Male) |
| 23:06 | Queue | Fishing Ship |
| 23:06 | Queue | Fishing Ship |
| 23:09 | Research | Tech 906 |
| 23:15 | Build | Dock |
| 23:16 | Queue | Villager (Male) |
| 23:18 | Queue | Villager (Male) |
| 23:28 | Queue | Monk |
| 23:30 | Queue | Villager (Male) |
| 23:30 | Queue | Villager (Male) |
| 23:31 | Queue | Villager (Male) |
| 23:31 | Queue | Villager (Male) |
| 23:44 | Build | Outpost |
| 24:22 | Build | Farm |
| 24:24 | Build | Farm |
| 24:25 | Build | Farm |
| 24:25 | Build | Farm |
| 24:41 | Queue | Villager (Male) |
| 24:42 | Queue | Villager (Male) |
| 24:44 | Queue | Villager (Male) |
| 24:44 | Queue | Villager (Male) |
| 24:56 | Queue | Fishing Ship |
| 24:56 | Queue | Fishing Ship |
| 25:08 | Build | Outpost |
| 25:15 | Queue | Villager (Male) |
| 25:28 | Queue | Villager (Male) |
| 25:43 | Build | Farm |
| 25:45 | Build | Farm |
| 25:46 | Build | Farm |
| 26:06 | Build | Castle |
| 26:08 | Queue | Villager (Male) |
| 26:11 | Research | Bow Saw |
| 26:11 | Queue | Villager (Male) |
| 26:23 | Queue | Fishing Ship |
| 26:24 | Queue | Fishing Ship |
| 26:35 | Build | Outpost |
| 26:45 | Queue | Villager (Male) |
| 26:45 | Queue | Villager (Male) |
| 26:46 | Queue | Villager (Male) |
| 26:47 | Queue | Villager (Male) |
| 26:56 | Build | Siege Workshop |
| 26:57 | Queue | Villager (Male) |
| 27:02 | Build | House |
| 27:02 | Build | House |
Build order — SKYRIM
150 actions detected in the replay
| 0:55 | Build | Town Center |
| 1:21 | Build | Dock |
| 3:17 | Queue | Villager (Male) ×5 |
| 3:17 | Queue | Villager (Male) ×5 |
| 3:31 | Queue | Fishing Ship |
| 3:46 | Build | House |
| 4:41 | Queue | Villager (Male) |
| 4:41 | Queue | Villager (Male) |
| 5:07 | Queue | Fishing Ship |
| 5:11 | Build | House |
| 5:30 | Queue | Villager (Male) |
| 6:07 | Queue | Fishing Ship |
| 6:35 | Queue | Villager (Male) |
| 6:35 | Queue | Villager (Male) |
| 6:35 | Queue | Villager (Male) |
| 6:59 | Queue | Villager (Male) |
| 6:59 | Queue | Villager (Male) |
| 7:31 | Build | House |
| 7:35 | Queue | Villager (Male) |
| 7:38 | Queue | Villager (Male) |
| 7:39 | Queue | Villager (Male) |
| 7:43 | Queue | Fishing Ship |
| 8:02 | Queue | Villager (Male) |
| 8:10 | Queue | Villager (Male) |
| 8:10 | Queue | Villager (Male) |
| 8:36 | Queue | Fishing Ship |
| 8:45 | Build | House |
| 8:55 | Build | Palisade Wall |
| 9:01 | Build | House |
| 9:04 | Queue | Villager (Male) |
| 9:04 | Queue | Villager (Male) |
| 9:09 | Queue | Villager (Male) |
| 9:10 | Queue | Fishing Ship |
| 9:26 | Build | House |
| 9:40 | Queue | Villager (Male) |
| 9:43 | Queue | Fishing Ship |
| 10:16 | Queue | Villager (Male) |
| 10:24 | Research | Loom |
| 10:36 | Build | Mill |
| 10:57 | Build | House |
| 11:11 | Queue | Villager (Male) |
| 11:11 | Queue | Villager (Male) |
| 11:40 | Build | Mining Camp |
| 11:54 | Queue | Fishing Ship |
| 11:58 | Research | Feudal Age |
| 12:01 | Queue | Villager (Male) |
| 12:01 | Queue | Villager (Male) |
| 12:31 | Build | Dock |
| 13:31 | Queue | Villager (Male) |
| 13:40 | Build | Barracks |
| 14:04 | Age | Feudal Age |
| 14:22 | Build | Stable |
| 14:39 | Build | House |
| 15:00 | Queue | Villager (Male) |
| 15:07 | Build | Blacksmith |
| 15:20 | Queue | Fishing Ship |
| 15:39 | Queue | Scout Cavalry |
| 15:55 | Build | House |
| 16:16 | Research | Castle Age |
| 16:16 | Research | Castle Age |
| 16:32 | Build | Palisade Gate |
| 16:40 | Queue | Villager (Male) |
| 16:40 | Queue | Villager (Male) |
| 17:09 | Queue | Scout Cavalry |
| 17:13 | Queue | Fishing Ship |
| 17:20 | Queue | Unit 2626 |
| 17:31 | Queue | Villager (Male) |
| 17:44 | Build | House |
| 17:46 | Build | Palisade Wall |
| 18:06 | Research | Scale Barding Armor |
| 18:34 | Build | Stone Wall |
| 18:41 | Age | Castle Age |
| 18:45 | Build | Siege Workshop |
| 18:53 | Queue | Villager (Male) |
| 19:16 | Build | Town Center |
| 19:24 | Queue | Knight |
| 19:42 | Queue | Villager (Male) |
| 19:51 | Queue | Villager (Male) |
| 20:06 | Queue | Villager (Male) |
| 20:16 | Build | Stone Wall |
| 20:17 | Build | Stone Wall |
| 20:21 | Queue | Villager (Male) |
| 20:45 | Queue | Battering Ram |
| 20:53 | Queue | Mangonel |
| 21:10 | Queue | Villager (Male) |
| 21:10 | Queue | Villager (Male) |
| 21:31 | Queue | Villager (Male) |
| 21:31 | Queue | Villager (Male) |
| 21:36 | Build | Gate |
| 21:51 | Build | Stone Wall |
| 21:55 | Queue | Villager (Male) ×4 |
| 22:14 | Build | Gate |
| 22:48 | Build | Stone Wall |
| 22:49 | Build | Stone Wall |
| 22:53 | Build | Stone Wall |
| 22:54 | Build | Stone Wall |
| 23:08 | Build | Stone Wall |
| 23:16 | Queue | Villager (Male) |
| 23:27 | Build | Farm |
| 23:28 | Build | Farm |
| 23:28 | Build | Farm |
| 23:28 | Build | Farm |
| 23:28 | Build | Farm |
| 23:28 | Build | Farm |
| 23:40 | Build | Monastery |
| 24:14 | Queue | Monk |
| 24:21 | Build | Stone Wall |
| 24:22 | Build | Stone Wall |
| 24:25 | Build | Stone Wall |
| 24:45 | Queue | Villager (Male) |
| 24:56 | Build | Stone Wall |
| 25:01 | Queue | Monk |
| 25:02 | Queue | Villager (Male) |
| 25:17 | Build | Stone Wall |
| 25:29 | Queue | Villager (Male) |
| 25:38 | Build | Stone Wall |
| 25:41 | Build | Stone Wall |
| 25:43 | Queue | Villager (Male) |
| 25:43 | Queue | Villager (Male) |
| 25:52 | Build | Market |
| 26:15 | Queue | Villager (Male) |
| 26:40 | Build | Stone Wall |
| 27:03 | Queue | Villager (Male) |
| 27:13 | Queue | Villager (Male) |
| 27:30 | Build | Farm |
| 27:30 | Build | Farm |
| 27:31 | Build | Farm |
| 27:31 | Build | Farm |
| 27:31 | Build | Farm |
| 27:32 | Queue | Villager (Male) |
| 28:11 | Build | Town Center |
| 28:12 | Queue | Villager (Male) ×2 |
| 28:15 | Queue | Monk ×5 |
| 28:38 | Queue | Mangonel |
| 28:39 | Queue | Villager (Male) |
| 28:45 | Build | House |
| 28:45 | Build | House |
| 28:45 | Build | House |
| 28:45 | Build | House |
| 28:53 | Queue | Knight |
| 28:57 | Build | Farm |
| 28:58 | Build | Farm |
| 29:08 | Queue | Villager (Male) ×2 |
| 29:19 | Build | House |
| 29:20 | Build | House |
| 29:42 | Queue | Villager (Male) ×3 |
| 29:49 | Build | House |
| 30:00 | Build | Lumber Camp |
| 30:03 | Build | Farm |
| 30:04 | Queue | Villager (Male) |
Build order — Chevele
132 actions detected in the replay
| 0:26 | Build | Town Center |
| 1:28 | Build | Dock |
| 1:30 | Build | House |
| 1:33 | Build | Palisade Wall |
| 1:35 | Build | Palisade Wall |
| 1:37 | Build | Palisade Wall |
| 1:39 | Build | Palisade Wall |
| 1:56 | Build | Palisade Wall |
| 2:44 | Queue | Villager (Male) ×4 |
| 2:45 | Queue | Villager (Male) ×4 |
| 4:14 | Queue | Fishing Ship |
| 4:14 | Queue | Fishing Ship |
| 4:27 | Build | House |
| 4:57 | Queue | Fishing Ship |
| 5:42 | Queue | Fishing Ship |
| 5:47 | Queue | Villager (Male) |
| 5:47 | Queue | Villager (Male) |
| 6:11 | Queue | Fishing Ship |
| 6:18 | Research | Loom |
| 6:43 | Queue | Fishing Ship |
| 6:50 | Queue | Villager (Male) |
| 6:50 | Queue | Villager (Male) |
| 6:50 | Queue | Villager (Male) |
| 7:15 | Queue | Fishing Ship |
| 7:26 | Build | House |
| 7:32 | Queue | Villager (Male) |
| 7:58 | Build | Dock |
| 8:04 | Queue | Villager (Male) |
| 8:26 | Queue | Villager (Male) |
| 8:26 | Queue | Villager (Male) |
| 8:36 | Queue | Fishing Ship |
| 8:36 | Queue | Villager (Male) |
| 8:36 | Queue | Villager (Male) |
| 8:44 | Build | House |
| 9:02 | Queue | Villager (Male) |
| 9:07 | Queue | Fishing Ship |
| 9:07 | Queue | Fishing Ship |
| 9:27 | Queue | Villager (Male) |
| 9:27 | Queue | Villager (Male) |
| 9:33 | Queue | Fishing Ship |
| 9:33 | Queue | Fishing Ship |
| 9:42 | Queue | Villager (Male) |
| 9:53 | Queue | Fishing Ship |
| 10:06 | Queue | Villager (Male) |
| 10:07 | Queue | Villager (Male) |
| 10:07 | Queue | Villager (Male) |
| 10:13 | Build | House |
| 10:21 | Build | House |
| 10:24 | Queue | Fishing Ship |
| 10:29 | Build | House |
| 10:38 | Queue | Villager (Male) |
| 10:38 | Queue | Villager (Male) |
| 10:51 | Queue | Fishing Ship |
| 11:20 | Build | Lumber Camp |
| 11:32 | Queue | Fishing Ship |
| 11:32 | Queue | Fishing Ship |
| 11:39 | Queue | Fishing Ship |
| 11:42 | Queue | Fishing Ship |
| 11:48 | Research | Tech 906 |
| 11:54 | Queue | Villager (Male) |
| 11:54 | Queue | Villager (Male) |
| 12:03 | Research | Double-Bit Axe |
| 12:03 | Research | Double-Bit Axe |
| 12:30 | Queue | Villager (Male) |
| 12:48 | Queue | Fishing Ship |
| 12:49 | Queue | Fishing Ship |
| 12:49 | Queue | Fishing Ship |
| 13:14 | Queue | Villager (Male) |
| 13:19 | Build | Barracks |
| 13:42 | Build | Mining Camp |
| 13:50 | Queue | Villager (Male) |
| 13:55 | Queue | Fishing Ship |
| 13:56 | Queue | Fishing Ship |
| 14:14 | Build | House |
| 14:14 | Research | Feudal Age |
| 14:15 | Research | Feudal Age |
| 14:25 | Queue | Fishing Ship |
| 14:26 | Queue | Fishing Ship |
| 15:33 | Queue | Fishing Ship |
| 15:33 | Queue | Fishing Ship |
| 15:38 | Build | Dock |
| 16:25 | Age | Feudal Age |
| 16:31 | Build | Blacksmith |
| 16:36 | Build | Stable |
| 16:36 | Build | Stable |
| 16:50 | Queue | Galley |
| 17:02 | Build | House |
| 17:18 | Build | Blacksmith |
| 17:23 | Queue | Fishing Ship |
| 17:45 | Build | House |
| 17:47 | Research | Castle Age |
| 17:47 | Research | Castle Age |
| 18:00 | Research | Forging |
| 18:07 | Queue | Fishing Ship |
| 18:07 | Queue | Fishing Ship |
| 18:19 | Build | Stable |
| 18:44 | Research | Scale Barding Armor |
| 19:35 | Build | Mill |
| 20:27 | Age | Castle Age |
| 20:31 | Queue | Knight |
| 20:31 | Queue | Knight |
| 20:41 | Build | Town Center |
| 20:46 | Build | Town Center |
| 20:50 | Research | Husbandry |
| 20:51 | Research | Cavalier (upgrade) |
| 20:54 | Research | Chain Barding Armor |
| 20:55 | Research | Chain Barding Armor |
| 21:17 | Queue | Villager (Male) |
| 21:38 | Build | Palisade Gate |
| 21:55 | Queue | Villager (Male) ×3 |
| 22:47 | Queue | Villager (Male) |
| 23:09 | Queue | Villager (Male) |
| 23:09 | Queue | Villager (Male) |
| 23:09 | Queue | Villager (Male) |
| 23:39 | Queue | Villager (Male) |
| 23:39 | Queue | Villager (Male) |
| 24:05 | Queue | Villager (Male) |
| 24:05 | Queue | Villager (Male) |
| 24:05 | Queue | Villager (Male) |
| 24:15 | Queue | Villager (Male) |
| 24:15 | Queue | Villager (Male) |
| 24:29 | Queue | Villager (Male) |
| 24:29 | Queue | Villager (Male) |
| 24:29 | Queue | Villager (Male) |
| 25:19 | Build | Monastery |
| 25:42 | Queue | Monk |
| 26:38 | Queue | Monk |
| 26:49 | Build | Farm |
| 26:51 | Build | Farm |
| 26:52 | Build | Farm |
| 28:09 | Queue | Villager (Male) |
| 28:10 | Queue | Villager (Male) |
Build order — Sein
First 150 of 159 actions detected
| 0:17 | Build | Town Center |
| 2:30 | Queue | Villager (Male) |
| 2:30 | Queue | Villager (Male) |
| 2:30 | Queue | Villager (Male) |
| 2:36 | Queue | Villager (Male) |
| 3:18 | Research | Loom |
| 3:52 | Build | Barracks |
| 5:00 | Build | Dock |
| 5:05 | Queue | Villager (Male) |
| 5:05 | Queue | Villager (Male) |
| 5:35 | Queue | Villager (Male) |
| 5:35 | Queue | Villager (Male) |
| 5:38 | Queue | Fishing Ship |
| 6:14 | Queue | Villager (Male) |
| 6:14 | Queue | Villager (Male) |
| 6:44 | Queue | Villager (Male) |
| 6:44 | Queue | Villager (Male) |
| 6:46 | Queue | Fishing Ship |
| 7:02 | Queue | Villager (Male) |
| 7:26 | Queue | Villager (Male) |
| 7:27 | Queue | Villager (Male) |
| 7:28 | Queue | Fishing Ship |
| 7:56 | Queue | Villager (Male) |
| 8:06 | Queue | Villager (Male) |
| 8:09 | Queue | Fishing Ship |
| 8:51 | Queue | Villager (Male) |
| 9:03 | Queue | Villager (Male) |
| 9:06 | Queue | Fishing Ship |
| 9:35 | Queue | Villager (Male) |
| 9:35 | Queue | Villager (Male) |
| 9:48 | Queue | Fishing Ship |
| 10:05 | Queue | Fishing Ship |
| 10:26 | Queue | Villager (Male) |
| 10:35 | Queue | Villager (Male) |
| 10:53 | Queue | Villager (Male) |
| 11:01 | Build | Barracks |
| 11:11 | Build | Lumber Camp |
| 11:13 | Queue | Villager (Male) |
| 11:34 | Research | Feudal Age |
| 11:43 | Build | Mill |
| 12:54 | Build | Mining Camp |
| 13:29 | Queue | Villager (Male) |
| 13:29 | Queue | Villager (Male) |
| 13:56 | Age | Feudal Age |
| 13:58 | Build | Market |
| 14:00 | Build | Blacksmith |
| 14:44 | Queue | Villager (Male) |
| 14:55 | Research | Castle Age |
| 15:21 | Research | Double-Bit Axe |
| 15:24 | Build | Barracks |
| 16:10 | Queue | Villager (Male) |
| 16:14 | Build | Barracks |
| 16:23 | Research | Fletching |
| 16:25 | Queue | Villager (Male) |
| 16:40 | Build | Archery Range |
| 16:45 | Build | Archery Range |
| 16:53 | Build | Stone Wall |
| 17:03 | Research | Gold Mining |
| 17:51 | Age | Castle Age |
| 17:53 | Queue | Cavalry Archer |
| 17:54 | Queue | Cavalry Archer |
| 17:55 | Research | Bodkin Arrow |
| 18:03 | Research | Bow Saw |
| 18:17 | Queue | Villager (Male) |
| 18:35 | Queue | Cavalry Archer |
| 18:35 | Queue | Cavalry Archer |
| 18:58 | Build | Stone Wall |
| 19:03 | Queue | Cavalry Archer |
| 19:03 | Queue | Cavalry Archer |
| 19:05 | Queue | Villager (Male) |
| 19:15 | Queue | Villager (Male) |
| 19:23 | Research | Tech 906 |
| 19:26 | Queue | Cavalry Archer |
| 19:37 | Queue | Cavalry Archer |
| 19:38 | Queue | Villager (Male) |
| 19:46 | Build | University |
| 20:03 | Queue | Cavalry Archer |
| 20:38 | Queue | Cavalry Archer |
| 20:39 | Queue | Cavalry Archer |
| 20:39 | Queue | Cavalry Archer |
| 20:43 | Queue | Villager (Male) |
| 20:52 | Queue | Villager (Male) |
| 20:56 | Research | Ballistics |
| 20:56 | Research | Ballistics |
| 20:58 | Queue | Villager (Male) |
| 21:10 | Queue | Cavalry Archer |
| 21:22 | Research | Padded Archer Armor |
| 22:00 | Queue | Cavalry Archer |
| 22:00 | Queue | Cavalry Archer |
| 22:01 | Queue | Villager (Male) |
| 22:01 | Queue | Villager (Male) |
| 22:08 | Queue | Cavalry Archer |
| 22:08 | Queue | Villager (Male) |
| 22:17 | Queue | Cavalry Archer |
| 22:18 | Queue | Villager (Male) |
| 22:26 | Queue | Villager (Male) |
| 22:30 | Build | Siege Workshop |
| 22:30 | Queue | Villager (Male) |
| 22:35 | Queue | Villager (Male) |
| 22:45 | Research | Wheelbarrow |
| 23:02 | Queue | Villager (Male) |
| 23:15 | Queue | Villager (Male) |
| 23:18 | Queue | Villager (Male) |
| 23:31 | Queue | Demolition Raft |
| 23:31 | Queue | Demolition Raft |
| 23:31 | Queue | Demolition Raft |
| 23:32 | Queue | Villager (Male) |
| 23:37 | Queue | Cavalry Archer |
| 23:37 | Queue | Cavalry Archer |
| 23:59 | Queue | Villager (Male) |
| 24:10 | Queue | Cavalry Archer |
| 24:27 | Build | Farm |
| 24:27 | Build | Farm |
| 24:28 | Build | Farm |
| 24:28 | Build | Farm |
| 24:28 | Build | Farm |
| 24:43 | Queue | Villager (Male) |
| 25:01 | Queue | Battering Ram |
| 25:01 | Queue | Battering Ram |
| 25:03 | Queue | Villager (Male) |
| 25:17 | Queue | Villager (Male) |
| 25:33 | Queue | Villager (Male) |
| 25:48 | Queue | Battering Ram |
| 25:48 | Queue | Battering Ram |
| 25:54 | Build | Town Center |
| 26:05 | Queue | Villager (Male) |
| 26:18 | Queue | Villager (Male) |
| 26:36 | Queue | Cavalry Archer |
| 26:36 | Queue | Cavalry Archer |
| 26:59 | Queue | Mangonel |
| 27:01 | Queue | Villager (Male) |
| 27:01 | Queue | Villager (Male) |
| 27:17 | Queue | Villager (Male) |
| 27:31 | Queue | Villager (Male) |
| 28:08 | Queue | Villager (Male) |
| 28:36 | Queue | Villager (Male) |
| 29:10 | Queue | Villager (Male) |
| 29:18 | Build | Farm |
| 29:18 | Build | Farm |
| 29:19 | Build | Farm |
| 29:19 | Build | Farm |
| 29:19 | Build | Farm |
| 29:19 | Build | Farm |
| 29:20 | Build | Farm |
| 29:38 | Queue | Villager (Male) |
| 29:39 | Queue | Villager (Male) |
| 29:42 | Build | Farm |
| 29:42 | Build | Farm |
| 29:42 | Build | Farm |
| 29:43 | Build | Farm |
Build order — Kowalski
First 150 of 171 actions detected
| 0:08 | Build | Town Center |
| 0:49 | Build | Dock |
| 0:51 | Build | House |
| 0:58 | Build | House |
| 2:59 | Queue | Villager (Male) ×4 |
| 2:59 | Queue | Villager (Male) ×4 |
| 3:48 | Queue | Fishing Ship |
| 4:11 | Queue | Villager (Male) |
| 4:49 | Build | House |
| 4:51 | Research | Loom |
| 4:58 | Queue | Fishing Ship |
| 5:14 | Queue | Villager (Male) |
| 5:52 | Queue | Fishing Ship |
| 5:59 | Queue | Villager (Male) |
| 6:29 | Queue | Villager (Male) |
| 6:30 | Queue | Fishing Ship |
| 6:42 | Build | House |
| 6:47 | Queue | Villager (Male) |
| 7:14 | Queue | Villager (Male) |
| 7:15 | Queue | Fishing Ship |
| 7:35 | Build | House |
| 7:58 | Queue | Villager (Male) |
| 7:59 | Queue | Fishing Ship |
| 8:19 | Queue | Villager (Male) |
| 8:25 | Build | House |
| 8:44 | Queue | Villager (Male) |
| 8:54 | Build | Mill |
| 9:10 | Queue | Villager (Male) |
| 9:12 | Queue | Fishing Ship |
| 9:20 | Build | House |
| 9:45 | Queue | Villager (Male) |
| 9:56 | Queue | Villager (Male) |
| 10:09 | Queue | Villager (Male) |
| 10:53 | Queue | Villager (Male) |
| 10:56 | Research | Feudal Age |
| 11:11 | Build | Mining Camp |
| 11:18 | Build | Palisade Wall |
| 11:37 | Build | House |
| 11:59 | Build | Palisade Wall |
| 12:43 | Build | Dock |
| 13:05 | Queue | Villager (Male) |
| 13:06 | Age | Feudal Age |
| 13:21 | Build | Blacksmith |
| 13:24 | Queue | Villager (Male) |
| 13:43 | Build | Market |
| 13:53 | Queue | Villager (Male) |
| 13:57 | Build | House |
| 14:24 | Queue | Villager (Male) |
| 14:39 | Build | Mining Camp |
| 14:43 | Research | Castle Age |
| 15:14 | Queue | Trade Cog |
| 15:17 | Queue | Unit 2626 |
| 15:17 | Queue | Unit 2626 |
| 16:04 | Queue | Unit 2626 |
| 16:12 | Build | Lumber Camp |
| 16:28 | Research | Double-Bit Axe |
| 16:28 | Research | Double-Bit Axe |
| 16:40 | Queue | Unit 2626 |
| 16:56 | Queue | Fishing Ship |
| 17:01 | Build | House |
| 17:24 | Queue | Unit 2626 |
| 17:29 | Age | Castle Age |
| 17:31 | Queue | Fishing Ship |
| 17:31 | Queue | Villager (Male) |
| 17:53 | Queue | Villager (Male) |
| 17:53 | Research | Bow Saw |
| 18:20 | Build | House |
| 18:24 | Queue | Villager (Male) |
| 18:31 | Research | War Galley (upgrade) |
| 18:41 | Queue | Villager (Male) |
| 18:55 | Build | Palisade Wall |
| 18:57 | Build | Palisade Wall |
| 18:59 | Build | Palisade Wall |
| 19:03 | Build | Palisade Wall |
| 19:04 | Build | Palisade Wall |
| 19:06 | Build | Palisade Wall |
| 19:08 | Queue | Villager (Male) |
| 19:15 | Queue | Unit 2626 |
| 19:15 | Queue | Unit 2626 |
| 19:16 | Queue | Villager (Male) |
| 19:55 | Queue | Villager (Male) |
| 19:56 | Queue | Villager (Male) |
| 20:04 | Build | Town Center |
| 20:08 | Build | House |
| 20:10 | Build | House |
| 20:11 | Queue | Fishing Ship |
| 20:12 | Queue | Fishing Ship |
| 20:33 | Queue | Villager (Male) |
| 20:42 | Queue | Villager (Male) |
| 20:43 | Queue | Villager (Male) |
| 20:51 | Queue | Villager (Male) |
| 20:57 | Queue | Fishing Ship |
| 21:01 | Research | Tech 906 |
| 21:07 | Build | House |
| 21:16 | Queue | Villager (Male) |
| 21:35 | Research | Gillnets |
| 21:41 | Queue | Villager (Male) |
| 21:41 | Queue | Villager (Male) |
| 22:00 | Queue | Villager (Male) |
| 22:00 | Queue | Villager (Male) |
| 22:05 | Research | Stone Mining |
| 22:11 | Build | Farm |
| 22:56 | Queue | Trade Cog |
| 22:57 | Queue | Trade Cog |
| 23:01 | Queue | Unit 2626 |
| 23:01 | Queue | Unit 2626 |
| 23:18 | Queue | Villager (Male) |
| 23:19 | Queue | Villager (Male) |
| 23:19 | Queue | Villager (Male) |
| 23:44 | Build | Castle |
| 23:49 | Queue | Villager (Male) |
| 24:00 | Build | House |
| 24:03 | Build | House |
| 24:06 | Build | Castle |
| 24:08 | Queue | Villager (Male) |
| 24:09 | Queue | Villager (Male) |
| 24:11 | Build | Barracks |
| 24:14 | Queue | Villager (Male) |
| 24:30 | Research | Horse Collar |
| 24:34 | Research | Wheelbarrow |
| 24:41 | Build | Mill |
| 24:44 | Queue | Conquistador |
| 24:45 | Queue | Conquistador |
| 24:48 | Build | Farm |
| 24:48 | Build | Farm |
| 24:49 | Build | Farm |
| 24:49 | Build | Farm |
| 24:49 | Build | Farm |
| 24:49 | Build | Farm |
| 24:55 | Build | Barracks |
| 25:26 | Build | Farm |
| 25:44 | Queue | Conquistador |
| 25:45 | Queue | Conquistador |
| 25:54 | Research | Hand Cart |
| 26:01 | Queue | Villager (Male) |
| 26:01 | Queue | Villager (Male) |
| 26:02 | Queue | Villager (Male) |
| 26:08 | Build | Farm |
| 26:11 | Queue | Villager (Male) |
| 26:18 | Queue | Villager (Male) |
| 26:33 | Queue | Villager (Male) |
| 26:33 | Queue | Villager (Male) |
| 26:40 | Build | Archery Range |
| 26:48 | Queue | Villager (Male) |
| 26:48 | Queue | Villager (Male) |
| 26:55 | Build | Siege Workshop |
| 27:01 | Build | Farm |
| 27:02 | Build | Farm |
| 27:02 | Build | Farm |
| 27:03 | Queue | Villager (Male) |
Build order — DimitryKz
First 150 of 175 actions detected
| 0:09 | Build | Town Center |
| 1:30 | Build | Dock |
| 1:32 | Build | House |
| 1:43 | Build | House |
| 1:49 | Build | House |
| 2:33 | Queue | Villager (Male) |
| 2:33 | Queue | Villager (Male) |
| 2:35 | Queue | Villager (Male) |
| 2:55 | Queue | Villager (Male) |
| 3:29 | Queue | Fishing Ship |
| 4:14 | Research | Loom |
| 4:41 | Queue | Villager (Male) |
| 4:44 | Queue | Fishing Ship |
| 4:48 | Build | House |
| 5:17 | Queue | Villager (Male) |
| 5:17 | Queue | Villager (Male) |
| 5:23 | Queue | Villager (Male) |
| 5:42 | Queue | Fishing Ship |
| 5:43 | Queue | Fishing Ship |
| 6:00 | Queue | Villager (Male) |
| 6:08 | Queue | Villager (Male) |
| 6:15 | Build | House |
| 6:39 | Queue | Villager (Male) |
| 6:49 | Queue | Fishing Ship |
| 6:56 | Queue | Villager (Male) |
| 7:15 | Build | House |
| 7:18 | Queue | Villager (Male) |
| 7:32 | Queue | Fishing Ship |
| 7:50 | Queue | Villager (Male) |
| 8:00 | Queue | Villager (Male) |
| 8:14 | Queue | Fishing Ship |
| 9:02 | Queue | Villager (Male) |
| 9:20 | Queue | Villager (Male) |
| 9:26 | Build | Dock |
| 9:43 | Queue | Villager (Male) |
| 9:56 | Build | House |
| 10:05 | Build | Mining Camp |
| 10:23 | Queue | Villager (Male) |
| 10:31 | Queue | Fishing Ship |
| 10:31 | Queue | Fishing Ship |
| 10:48 | Research | Feudal Age |
| 11:03 | Build | Lumber Camp |
| 11:16 | Build | House |
| 11:21 | Build | Palisade Wall |
| 11:22 | Build | Palisade Wall |
| 11:22 | Build | Palisade Wall |
| 11:23 | Build | Palisade Wall |
| 11:24 | Build | Palisade Wall |
| 11:44 | Queue | Villager (Male) |
| 12:33 | Build | Mining Camp |
| 12:34 | Queue | Villager (Male) |
| 12:43 | Queue | Fishing Ship |
| 12:43 | Queue | Fishing Ship |
| 12:58 | Age | Feudal Age |
| 13:07 | Queue | Galley |
| 13:07 | Queue | Galley |
| 13:36 | Queue | Galley |
| 13:46 | Research | Double-Bit Axe |
| 13:54 | Build | Blacksmith |
| 13:59 | Queue | Villager (Male) |
| 14:04 | Queue | Villager (Male) |
| 14:22 | Build | House |
| 14:23 | Build | House |
| 14:37 | Queue | Galley |
| 14:37 | Queue | Galley |
| 14:53 | Queue | Villager (Male) |
| 15:04 | Build | House |
| 15:08 | Build | Mill |
| 15:13 | Queue | Villager (Male) |
| 15:20 | Queue | Galley |
| 15:55 | Build | Market |
| 15:59 | Queue | Villager (Male) |
| 16:23 | Research | Tech 906 |
| 16:24 | Queue | Fishing Ship |
| 16:24 | Queue | Fishing Ship |
| 16:33 | Queue | Villager (Male) |
| 16:48 | Research | Castle Age |
| 17:13 | Build | Outpost |
| 17:17 | Build | House |
| 17:19 | Build | Palisade Wall |
| 17:21 | Queue | Villager (Male) |
| 17:36 | Queue | Villager (Male) |
| 17:43 | Build | Dock |
| 17:52 | Research | Town Watch |
| 18:08 | Build | House |
| 18:10 | Build | Palisade Wall |
| 18:42 | Queue | Galley |
| 18:42 | Queue | Galley |
| 18:42 | Queue | Galley |
| 18:54 | Research | Fletching |
| 18:55 | Queue | Villager (Male) |
| 19:01 | Build | House |
| 19:24 | Queue | Galley |
| 19:25 | Queue | Galley |
| 19:32 | Queue | Villager (Male) |
| 19:38 | Age | Castle Age |
| 20:05 | Queue | Villager (Male) |
| 20:10 | Research | Gillnets |
| 20:11 | Research | War Galley (upgrade) |
| 20:12 | Queue | Galley |
| 20:13 | Queue | Villager (Male) |
| 20:31 | Queue | Villager (Male) |
| 20:48 | Queue | Galley |
| 20:48 | Queue | Galley |
| 20:54 | Build | Dock |
| 20:56 | Queue | Villager (Male) |
| 21:22 | Queue | Fishing Ship |
| 21:22 | Queue | Fishing Ship |
| 21:59 | Build | Castle |
| 22:10 | Build | University |
| 22:34 | Build | Siege Workshop |
| 22:38 | Research | Bodkin Arrow |
| 22:44 | Build | House |
| 22:48 | Build | Mining Camp |
| 22:56 | Queue | Villager (Male) |
| 23:12 | Queue | Villager (Male) |
| 23:22 | Build | Lumber Camp |
| 23:29 | Build | Palisade Wall |
| 23:30 | Build | Palisade Wall |
| 23:32 | Build | Palisade Wall |
| 23:55 | Queue | Villager (Male) |
| 23:55 | Queue | Villager (Male) |
| 24:15 | Queue | Villager (Male) |
| 24:41 | Build | Town Center |
| 24:48 | Build | Lumber Camp |
| 24:49 | Queue | Villager (Male) |
| 24:57 | Queue | Villager (Male) |
| 25:26 | Queue | Villager (Male) ×5 |
| 25:42 | Queue | Galley |
| 25:42 | Queue | Galley |
| 25:43 | Queue | Galley |
| 25:43 | Queue | Villager (Male) |
| 25:48 | Research | Padded Archer Armor |
| 25:49 | Queue | Villager (Male) |
| 25:53 | Build | Lumber Camp |
| 26:02 | Queue | Villager (Male) |
| 26:06 | Queue | Villager (Male) |
| 26:11 | Research | Gold Mining |
| 26:13 | Queue | Villager (Male) |
| 26:30 | Queue | Villager (Male) |
| 26:39 | Queue | Villager (Male) |
| 26:49 | Queue | Villager (Male) |
| 26:59 | Queue | Scorpion |
| 27:00 | Queue | Scorpion |
| 27:01 | Queue | Villager (Male) |
| 27:03 | Queue | Villager (Male) |
| 27:13 | Research | Horse Collar |
| 27:14 | Queue | Villager (Male) |
| 27:15 | Queue | Villager (Male) |
| 27:31 | Queue | Galley |
Build order — 尼爾
First 150 of 202 actions detected
| 0:32 | Build | Town Center |
| 0:35 | Build | Dock |
| 0:38 | Build | House |
| 2:56 | Queue | Villager (Male) ×4 |
| 2:57 | Queue | Villager (Male) ×4 |
| 3:04 | Queue | Villager (Male) |
| 3:04 | Queue | Villager (Male) |
| 3:43 | Queue | Fishing Ship |
| 4:45 | Queue | Villager (Male) |
| 4:48 | Build | House |
| 5:25 | Queue | Villager (Male) |
| 5:26 | Queue | Fishing Ship |
| 5:33 | Build | House |
| 5:53 | Queue | Villager (Male) |
| 6:17 | Queue | Fishing Ship |
| 6:18 | Research | Loom |
| 6:26 | Queue | Villager (Male) |
| 6:44 | Queue | Villager (Male) |
| 6:51 | Queue | Fishing Ship |
| 7:15 | Queue | Villager (Male) |
| 7:19 | Build | House |
| 7:44 | Queue | Villager (Male) |
| 7:57 | Queue | Villager (Male) |
| 7:58 | Queue | Fishing Ship |
| 8:05 | Build | House |
| 8:27 | Queue | Villager (Male) |
| 8:42 | Queue | Villager (Male) |
| 8:49 | Build | Settlement |
| 8:53 | Queue | Villager (Male) |
| 9:12 | Queue | Villager (Male) |
| 9:22 | Queue | Villager (Male) |
| 9:29 | Queue | Fishing Ship |
| 9:46 | Queue | Villager (Male) |
| 9:58 | Queue | Villager (Male) |
| 10:36 | Queue | Villager (Male) |
| 11:16 | Research | Feudal Age |
| 12:16 | Queue | Villager (Male) |
| 12:16 | Queue | Villager (Male) |
| 13:28 | Age | Feudal Age |
| 13:30 | Build | Blacksmith |
| 13:33 | Build | Market |
| 13:53 | Build | Settlement |
| 14:07 | Build | House |
| 14:25 | Research | Castle Age |
| 14:25 | Research | Castle Age |
| 15:01 | Research | Horse Collar |
| 15:03 | Research | Double-Bit Axe |
| 15:15 | Build | Dock |
| 15:29 | Research | Tech 906 |
| 15:41 | Build | Dock |
| 15:48 | Queue | Fishing Ship |
| 16:21 | Queue | Fishing Ship |
| 16:28 | Build | House |
| 16:46 | Queue | Fishing Ship |
| 17:05 | Age | Castle Age |
| 17:07 | Queue | Villager (Male) |
| 17:07 | Queue | Villager (Male) |
| 17:19 | Queue | Fishing Ship |
| 17:36 | Build | Castle |
| 17:48 | Research | Fletching |
| 17:56 | Queue | Fishing Ship |
| 17:56 | Queue | Fishing Ship |
| 18:09 | Queue | Villager (Male) |
| 18:10 | Queue | Villager (Male) |
| 18:33 | Research | Bow Saw |
| 18:58 | Queue | Villager (Male) |
| 18:59 | Queue | Unit 2579 |
| 19:00 | Queue | Unit 2579 |
| 19:00 | Queue | Unit 2579 |
| 19:05 | Queue | Fishing Ship |
| 19:06 | Queue | Fishing Ship |
| 19:26 | Queue | Unit 2579 |
| 19:31 | Queue | Villager (Male) |
| 19:35 | Research | Gillnets |
| 19:37 | Queue | Unit 2579 |
| 19:39 | Queue | Villager (Male) |
| 19:53 | Queue | Villager (Male) |
| 20:14 | Queue | Unit 2579 |
| 20:21 | Queue | Fishing Ship |
| 20:22 | Queue | Fishing Ship |
| 20:27 | Queue | Villager (Male) |
| 20:41 | Build | Town Center |
| 20:51 | Queue | Unit 2579 |
| 20:55 | Queue | Unit 2579 |
| 20:56 | Queue | Villager (Male) |
| 21:06 | Build | Town Center |
| 21:23 | Research | Bodkin Arrow |
| 21:26 | Queue | Villager (Male) |
| 21:28 | Research | Padded Archer Armor |
| 21:34 | Queue | Fishing Ship |
| 21:34 | Queue | Fishing Ship |
| 22:03 | Build | House |
| 22:03 | Build | House |
| 22:06 | Queue | Unit 2579 |
| 22:06 | Queue | Villager (Male) |
| 22:17 | Build | Stone Wall |
| 22:27 | Queue | Unit 2579 |
| 22:27 | Queue | Unit 2579 |
| 22:31 | Queue | Villager (Male) |
| 22:31 | Queue | Villager (Male) |
| 22:53 | Queue | Villager (Male) |
| 22:53 | Queue | Villager (Male) |
| 22:53 | Queue | Villager (Male) |
| 22:57 | Research | Horse Collar |
| 22:59 | Research | Gold Mining |
| 23:02 | Queue | Villager (Male) |
| 23:14 | Queue | Unit 2579 |
| 23:18 | Queue | Villager (Male) |
| 23:27 | Build | Dock |
| 23:30 | Queue | Unit 2579 |
| 23:30 | Queue | Unit 2579 |
| 23:33 | Queue | Villager (Male) |
| 23:38 | Build | Farm |
| 23:39 | Build | Farm |
| 23:41 | Build | Farm |
| 23:43 | Queue | Villager (Male) |
| 24:03 | Queue | Unit 2579 |
| 24:04 | Queue | Villager (Male) |
| 24:07 | Queue | Villager (Male) |
| 24:20 | Queue | Unit 2579 |
| 24:26 | Queue | Villager (Male) |
| 24:26 | Queue | Villager (Male) |
| 24:27 | Research | Wheelbarrow |
| 24:36 | Build | Town Center |
| 24:39 | Queue | Unit 2579 |
| 24:44 | Queue | Villager (Male) |
| 25:02 | Queue | Unit 2579 |
| 25:02 | Queue | Villager (Male) |
| 25:07 | Build | University |
| 25:14 | Build | Stone Wall |
| 25:23 | Queue | Villager (Male) |
| 25:35 | Queue | Unit 2579 |
| 25:37 | Queue | Villager (Male) |
| 25:37 | Queue | Villager (Male) |
| 25:40 | Build | Farm |
| 25:41 | Build | Farm |
| 25:42 | Build | Farm |
| 25:42 | Build | Farm |
| 25:43 | Build | Farm |
| 25:54 | Queue | Villager (Male) |
| 25:57 | Queue | Fishing Ship |
| 25:57 | Queue | Fishing Ship |
| 26:00 | Queue | Fishing Ship |
| 26:03 | Queue | Villager (Male) |
| 26:13 | Queue | Villager (Male) |
| 26:15 | Build | Farm |
| 26:16 | Build | Farm |
| 26:25 | Queue | Villager (Male) |
| 26:32 | Research | Ballistics |
| 26:39 | Queue | Villager (Male) |
Match timeline
| 0:35 | 尼爾 · first_building Dock |
| 0:49 | Kowalski · first_building Dock |
| 1:21 | SKYRIM · first_building Dock |
| 1:28 | Chevele · first_building Dock |
| 1:30 | DimitryKz · first_building Dock |
| 1:31 | Kou_Bs · wall_segment Palisade Wall x1 |
| 1:33 | Chevele · wall_segment Palisade Wall x1 |
| 1:35 | Chevele · wall_segment Palisade Wall x1 |
| 1:37 | Chevele · wall_segment Palisade Wall x1 |
| 1:39 | Chevele · wall_segment Palisade Wall x1 |
| 1:56 | Chevele · wall_segment Palisade Wall x1 |
| 1:58 | feely · first_building Dock |
| 2:53 | Kou_Bs · first_building Dock |
| 3:48 | feely · wall_segment Palisade Wall x1 |
| 3:52 | Sein · first_building Barracks |
| 5:00 | Sein · first_building Dock |
| 8:51 | feely · wall_segment Palisade Wall x6 |
| 8:55 | SKYRIM · wall_segment Palisade Wall x1 |
| 9:59 | feely · wall_segment Palisade Wall x3 |
| 11:18 | Kowalski · wall_segment Palisade Wall x1 |
| 11:21 | DimitryKz · wall_segment Palisade Wall x1 |
| 11:22 | DimitryKz · wall_segment Palisade Wall x1 |
| 11:22 | DimitryKz · wall_segment Palisade Wall x1 |
| 11:23 | DimitryKz · wall_segment Palisade Wall x1 |
| 11:24 | DimitryKz · wall_segment Palisade Wall x1 |
| 11:59 | Kowalski · wall_segment Palisade Wall x1 |
| 12:29 | Kou_Bs · wall_segment Palisade Wall x1 |
| 12:38 | Kou_Bs · wall_segment Palisade Wall x6 |
| 12:58 | DimitryKz · age_up feudal |
| 13:04 | Kou_Bs · age_up feudal |
| 13:06 | Kowalski · age_up feudal |
| 13:19 | Chevele · first_building Barracks |
| 13:19 | feely · age_up feudal |
| 13:28 | 尼爾 · age_up feudal |
| 13:40 | SKYRIM · first_building Barracks |
| 13:56 | Sein · age_up feudal |
| 14:04 | SKYRIM · age_up feudal |
| 14:13 | feely · wall_segment Palisade Wall x3 |
| 14:21 | feely · wall_segment Palisade Wall x11 |
| 14:22 | SKYRIM · first_building Stable |
| 14:53 | feely · first_building Barracks |
| 14:54 | Sein · first_market_sell 100 wood |
| 15:18 | feely · wall_segment Stone Wall x2 |
| 15:22 | feely · wall_segment Stone Wall x4 |
| 15:55 | Kou_Bs · wall_segment Palisade Wall x9 |
| 16:25 | Chevele · age_up feudal |
| 16:36 | Chevele · first_building Stable |
| 16:40 | Sein · first_building Archery Range |
| 16:53 | Sein · wall_segment Stone Wall x11 |
| 17:01 | Kou_Bs · wall_segment Palisade Wall x1 |
| 17:04 | feely · first_market_buy 100 food |
| 17:05 | 尼爾 · age_up castle |
| 17:19 | DimitryKz · wall_segment Palisade Wall x9 |
| 17:22 | feely · wall_segment Palisade Wall x1 |
| 17:29 | Kowalski · age_up castle |
| 17:36 | 尼爾 · first_building Castle |
| 17:46 | SKYRIM · wall_segment Palisade Wall x1 |
| 17:51 | Sein · age_up castle |
| 18:03 | feely · wall_segment Stone Wall x12 |
| 18:10 | DimitryKz · wall_segment Palisade Wall x7 |
| 18:17 | Kou_Bs · first_market_sell 100 food |
| 18:23 | feely · wall_segment Stone Wall x11 |
| 18:31 | 尼爾 · first_market_buy 100 food |
| 18:34 | SKYRIM · wall_segment Stone Wall x17 |
| 18:41 | SKYRIM · age_up castle |
| 18:45 | feely · wall_segment Palisade Wall x1 |
| 18:45 | SKYRIM · first_building Siege Workshop |
| 18:55 | Kowalski · wall_segment Palisade Wall x1 |
| 18:57 | Kowalski · wall_segment Palisade Wall x1 |
| 18:58 | Sein · wall_segment Stone Wall x8 |
| 18:59 | Kowalski · wall_segment Palisade Wall x1 |
| 19:03 | Kowalski · wall_segment Palisade Wall x1 |
| 19:04 | Kowalski · wall_segment Palisade Wall x1 |
| 19:06 | Kowalski · wall_segment Palisade Wall x1 |
| 19:38 | DimitryKz · age_up castle |
| 19:45 | Kou_Bs · first_market_buy 100 food |
| 19:48 | DimitryKz · first_market_buy 100 stone |
| 19:49 | feely · age_up castle |
| 20:16 | SKYRIM · wall_segment Stone Wall x1 |
| 20:17 | SKYRIM · wall_segment Stone Wall x1 |
| 20:22 | feely · first_building Monastery |
| 20:27 | Chevele · age_up castle |
| 21:51 | SKYRIM · wall_segment Stone Wall x10 |
| 21:51 | Kou_Bs · age_up castle |
| 21:59 | DimitryKz · first_building Castle |
| 22:17 | 尼爾 · wall_segment Stone Wall x16 |
| 22:30 | Sein · first_building Siege Workshop |
| 22:34 | DimitryKz · first_building Siege Workshop |
| 22:48 | SKYRIM · wall_segment Stone Wall x2 |
| 22:49 | SKYRIM · wall_segment Stone Wall x7 |
| 22:53 | SKYRIM · wall_segment Stone Wall x5 |
| 22:54 | SKYRIM · wall_segment Stone Wall x1 |
| 23:08 | SKYRIM · wall_segment Stone Wall x4 |
| 23:29 | DimitryKz · wall_segment Palisade Wall x2 |
| 23:30 | DimitryKz · wall_segment Palisade Wall x1 |
| 23:32 | DimitryKz · wall_segment Palisade Wall x5 |
| 23:40 | SKYRIM · first_building Monastery |
| 23:44 | Kowalski · first_building Castle |
| 24:11 | Kowalski · first_building Barracks |
| 24:21 | SKYRIM · wall_segment Stone Wall x1 |
| 24:21 | Kou_Bs · wall_segment Stone Wall x7 |
| 24:22 | SKYRIM · wall_segment Stone Wall x1 |
| 24:25 | SKYRIM · wall_segment Stone Wall x7 |
| 24:25 | Kou_Bs · wall_segment Stone Wall x5 |
| 24:56 | SKYRIM · wall_segment Stone Wall x4 |
| 25:14 | 尼爾 · wall_segment Stone Wall x12 |
| 25:17 | SKYRIM · wall_segment Stone Wall x3 |
| 25:19 | Chevele · first_building Monastery |
| 25:38 | SKYRIM · wall_segment Stone Wall x3 |
| 25:41 | SKYRIM · wall_segment Stone Wall x1 |
| 26:06 | feely · first_building Castle |
| 26:40 | SKYRIM · wall_segment Stone Wall x7 |
| 26:40 | Kowalski · first_building Archery Range |
| 26:43 | Kou_Bs · first_building Castle |
| 26:50 | Kou_Bs · wall_segment Stone Wall x9 |
| 26:55 | Kowalski · first_building Siege Workshop |
| 26:56 | feely · first_building Siege Workshop |
| 27:10 | 尼爾 · wall_segment Stone Wall x1 |
| 28:37 | Kowalski · first_market_buy 100 wood |
| 29:20 | Chevele · resign |
| 29:51 | Sein · first_market_buy 100 food |
| 30:12 | 尼爾 · first_building Siege Workshop |
[ AI ANALYSIS · 1 CREDIT ]
What really happened in this match?
Wolo.gg analyzes every decision: build order, eco, micro, common mistakes by bracket. Personalized analysis on WhatsApp or Discord in 30 seconds.
Civ guide
Celts
Perfil
Jugador #4691086